 Dungeon Crawl Stone Soup version 0.29.1-15-g9cfb28693d (webtiles) character file.

Game seed: 7846484984305956960

55 Logoto the Firebug (level 3, -3/27 HPs)
             Began as a Hill Orc Fire Elementalist on Sept 2, 2022.
             Slain by a kobold
             ... wielding a +0 dagger
              (4 damage)
             ... on level 2 of the Dungeon on Aug 16, 2023.
             The game lasted 00:09:43 (3137 turns).

Logoto the Firebug (Hill Orc Fire Elementalist)     Turns: 3137, Time: 00:09:43

Health: -3/27      AC:  2    Str: 12    XL:     3   Next: 93%
Magic:  6/6        EV: 12    Int: 15    God:
Gold:   40         SH:  0    Dex: 11    Spells: 3/6 levels left

rFire   . . .      SeeInvis .   k - +0 dagger (pain)
rCold   . . .      Faith    .   (no shield)
rNeg    . . .      Spirit   .   a - +0 robe
rPois   .          Reflect  .   (no helmet)
rElec   .          Harm     .   (no cloak)
rCorr   .          Rampage  .   (no gloves)
Will    .....                   (no boots)
Stlth   ++........              (no amulet)
HPRegen 0.09/turn               (no ring)
MPRegen 0.10/turn               (no ring)

@: no status effects
A: no striking features
a: no special abilities


You were on level 2 of the Dungeon.
You visited 1 branch of the dungeon, and saw 3 of its levels.

You collected 40 gold pieces.

Inventory:

Hand Weapons
 c - a +0 dagger
 i - a +0 hand axe
 k - a +0 dagger of pain (weapon)
Armour
 a - a +0 robe (worn)
 m - a +0 kite shield
Scrolls
 d - 2 scrolls of fear {unknown}
 e - a scroll of identify {unknown}
 f - a scroll of torment {unknown}
 g - a scroll of acquirement {unknown}
 h - a scroll of blinking {unknown}
 j - a scroll of magic mapping {unknown}
 l - 2 scrolls of enchant weapon {unknown}
Potions
 b - a potion of magic


   Skills:
 + Level 0.6 Fighting
 + Level 0.4 Short Blades
 + Level 0.5 Axes
 + Level 2.0 Dodging
 + Level 2.0 Stealth
 + Level 2.1 Spellcasting
 + Level 1.0 Conjurations
 + Level 3.7 Fire Magic


You had 3 spell levels left.
You knew the following spells:

 Your Spells              Type           Power      Damage    Failure   Level
a - Foxfire               Conj/Fire      32%        2x1d5     9%          1
b - Scorch                Fire           24%        2d6       7%          2

Your spell library contained the following spells:

 Spells                   Type           Power      Damage    Failure   Level
 Conjure Flame            Conj/Fire      8%         6-21      24%         3
 Inner Flame              Hex/Fire       7%         N/A       30%         3
 Ensorcelled Hibernation  Hex/Ice        2%         N/A       32%         2
 Spider Form              Tmut/Pois      1%         N/A       54%         3
 Flame Wave               Conj/Fire      8%         2d5       63%         4
 Anguish                  Hex/Necr       0%         N/A       91%         4


Dungeon Overview and Level Annotations

Branches:
Dungeon (3/15)

Altars:


Message History

A kobold is nearby!
A kobold is nearby!
A kobold is nearby!
The kobold closely misses you. The kobold barely misses you.
The kobold misses you. The kobold barely misses you.
The kobold barely misses you. The kobold hits you with a +0 dagger.
The kobold barely misses you. The kobold hits you with a +0 dagger.
The kobold closely misses you. The kobold hits you with a +0 dagger.
The kobold closely misses you. The kobold barely misses you.
The kobold barely misses you. The kobold closely misses you.
The kobold hits you with a +0 dagger. The kobold hits you with a +0 dagger.
The kobold closely misses you. The kobold barely misses you.
The kobold completely misses you. The kobold hits you but does no damage.
The kobold barely misses you. The kobold hits you but does no damage.
The kobold barely misses you. The kobold hits you with a +0 dagger.
The kobold hits you with a +0 dagger. The kobold hits you but does no damage.
The kobold barely misses you. The kobold hits you with a +0 dagger.
* * * LOW HITPOINT WARNING * * *
The kobold hits you with a +0 dagger.
* * * LOW HITPOINT WARNING * * *
The kobold hits you with a +0 dagger.
* * * LOW HITPOINT WARNING * * *
The kobold hits you with a +0 dagger.
* * * LOW HITPOINT WARNING * * *
The kobold hits you with a +0 dagger.
You die...

###.#.####.#
#.#
##########
#.#.####.#
#.#
..#......#
#.#
###########
#.# #.# #.#
#.# #.# #@#
#K# #.....#
$........[#
#.###....##
......
##.#.###
#.#.# ..#+#


You could see a kobold.

Vanquished Creatures
  An adder (D:2)
  A worm (D:2)
  5 ball pythons
  8 bats
  An endoplasm (D:1)
  6 giant cockroaches
  5 goblins
  4 hobgoblins
  2 kobolds (D:1)
  2 quokkas
  3 rats (D:1)
38 creatures vanquished.

Vanquished Creatures (others)
  32 foxfires
32 creatures vanquished.

Grand Total: 70 creatures vanquished

Notes
Turn   | Place    | Note
-------+----------+-------------------------------------------
     0 | D:1      | Logoto the Hill Orc Fire Elementalist began the quest for
                  | the Orb.
     0 | D:1      | Reached XP level 1. HP: 14/14 MP: 3/3
   323 | D:1      | Reached XP level 2. HP: 12/20 MP: 1/4
   704 | D:1      | Learned a level 2 spell: Scorch
  1444 | D:1      | Found a faded altar of an unknown god.
  1449 | D:1      | Reached XP level 3. HP: 9/26 MP: 4/6
  3061 | D:2      | Upgraded the game from 0.29.0-10-g45618ea6d2 to
                  | 0.29.1-15-g9cfb28693d
  3136 | D:2      | HP: 1/27 [kobold/+0 dagger (3)]
  3137 | D:2      | Slain by a kobold

Illustrated notes

Levels and vault maps discovered:
D:1:      sevenhm_arrival_forest_fort_large_4, layout_loops_ring,
          hellmonk_ecumenical_altar_arch_garden
D:2:      layout_loops_corners
D:3:      layout_basic

Skill      XL: |  1  2  3 |
---------------+----------+-----
Spellcasting   | 2 |  2.1
Dodging        | 2 |  2.0
Stealth        | 2 |  2.0
Fighting       | |  0.6
Short Blades   | |  0.4
Axes           | |  0.5
Conjurations   | |  1.0
Fire Magic     | |  3.7

Action                   || total
-------------------------++-------
Melee: Dagger            ||    87
       Hand axe          ||    40
 Cast: Foxfire           ||    25
       Scorch            ||     9
 Stab: Sleeping          ||     4
Armor: Robe              ||    57
Dodge: Dodged            ||   133
Block: Kite shield       ||     1
